 Dungeon Crawl Stone Soup version 0.21.1-1-g345015fe64 (webtiles) character file.

312 RepoMan the Insei (level 6, -11/50 HPs)
             Began as a Draconian Transmuter on July 6, 2018.
             Mangled by an ogre
             ... wielding a +0 giant club
              (22 damage)
             ... on level 4 of the Dungeon.
             The game lasted 00:14:22 (3013 turns).

RepoMan the Insei (Draconian Transmuter)            Turns: 3013, Time: 00:14:23

Health: -11/50     AC:  2    Str: 12    XL:     6   Next: 18%
Magic:  3/10       EV: 19    Int: 14    God:
Gold:   174        SH:  0    Dex: 18    Spells: 5/11 levels left

rFire    . . .     SeeInvis .     - Unarmed
rCold    . . .     Gourm    .   (shield currently unavailable)
rNeg     . . .     Faith    .   (armour unavailable)
rPois    x         Spirit   .   (helmet currently unavailable)
rElec    .         Reflect  .   (cloak currently unavailable)
rCorr    .         Harm     .   (gloves currently unavailable)
MR       .....                  (boots currently unavailable)
Stlth    ++........             (no amulet)
HPRegen  0.16/turn              (no ring)
MPRegen  0.12/turn              (no ring)

@: spider-form (expiring), very slightly contaminated
A: tiny, unfitting armour, AC +6
a: End Transformation


You were on level 4 of the Dungeon.
You were not hungry.
You were a venomous arachnid creature.
You visited 1 branch of the dungeon, and saw 4 of its levels.

You collected 174 gold pieces.

Inventory:

Missiles
 a - 59 arrows
Armour
 f - a +0 cloak (melded)
 g - a +0 pair of gloves (melded)
Jewellery
 s - an uncursed ring of ice
Scrolls
 d - 4 scrolls of remove curse
 h - a scroll of magic mapping {unknown}
 i - a scroll of identify
 j - 2 scrolls of random uselessness {unknown}
 l - 3 scrolls of teleportation {unknown}
 q - 2 scrolls of enchant armour {unknown}
 r - a scroll of fear {unknown}
Potions
 e - 2 potions of berserk rage
 k - a potion of lignification {unknown}
 n - 2 potions of heal wounds
 o - a potion of haste
 p - a potion of degeneration {unknown}
Books
 b - a book of Changes

   Spells                             Type                      Level
   a - Beastly Appendage              Transmutation                1
   b - Sticks to Snakes               Transmutation                2
   c - Spider Form                    Transmutation/Poison         3
   d - Ice Form                       Ice/Transmutation            4
   e - Blade Hands                    Transmutation                5
 t - Vehumet's Reference Book on Combat Magic
   (You found it on level 2 of the Dungeon)

   Spells                             Type                      Level
   a - Magic Dart                     Conjuration                  1
Comestibles
 c - 5 rations
 u - 4 chunks of flesh


   Skills:
 + Level 2.8 Fighting
 - Level 1.7 Dodging
 * Level 4.6 Unarmed Combat
 + Level 3.1 Spellcasting
 * Level 4.0 Transmutations


You had 5 spell levels left.
You knew the following spells:

 Your Spells              Type           Power        Failure   Level  Hunger
a - Beastly Appendage     Tmut           ##....       13%         1    #......
b - Sticks to Snakes      Tmut           ##......     17%         2    ##.....
c - Spider Form           Tmut/Pois      #.........   50%         3    ###....


Dungeon Overview and Level Annotations

Branches:
Dungeon (4/15)
 Temple: D:4-7

Altars:
Fedhas
Hepliaklqana
Kikubaaqudgha
Sif Muna
Vehumet

Annotations:
D:1 exclusion: downstairs
D:4 Menkaure


Innate Abilities, Weirdness & Mutations

((Your plain brown scales are hard. (AC +6)))
You cannot fit into any form of body armour.
((You are cold-blooded and may be slowed by cold attacks.))


Message History

Your transformation is almost over.
The ogre hits you with a giant club!
You hit the ogre but do no damage.
The ogre looks as sick as possible!
The ogre is severely wounded.
The ogre hits you with a giant club!!
* * * LOW HITPOINT WARNING * * *
You hear an angry hiss.
A scorpion comes into view.
Unknown command.
Found a scroll of remove curse and 16 gold pieces.
A leopard gecko comes into view.
Found a ring mail.
You completely miss the scorpion. The scorpion barely misses you.
Unknown command.
You completely miss the scorpion. The ogre completely misses you.
The scorpion closely misses you.
You hit the scorpion.
The scorpion is poisoned.
The scorpion is lightly wounded.
The ogre hits you with a giant club!!
You die...

.......##.#......
.......+..'..?(..
.......##†#..O..
.[.....##÷# ...
..........### #
............#
............#
#+##+#Ol...##.
#ss....?..
#..[......
+.........$
#.....)....
###........
....... ......
...###


You could see an ogre, a scorpion and a leopard gecko.

Vanquished Creatures
  2 howler monkeys (D:4)
  Crazy Yiuf (D:2)
  Terence (D:2)
  A worker ant (D:3)
  3 gnolls
  An adder (D:4)
  3 oozes
  3 worms
  4 dart slugs
  4 leopard geckos
  A ball python (D:1)
  3 giant cockroaches
  9 goblins
  11 hobgoblins
  5 jackals (D:3)
  12 kobolds
  2 quokkas
  9 bats
  4 frilled lizards
  13 rats
92 creatures vanquished.

Vanquished Creatures (others)
  A two-headed ogre (D:4)
  A howler monkey (D:4)
  An adder (D:4)
  A leopard gecko (D:4)
4 creatures vanquished.

Grand Total: 96 creatures vanquished

Notes
Turn   | Place    | Note
-------+----------+-------------------------------------------
     0 | D:1      | RepoMan the Draconian Transmuter began the quest for the Orb.
     0 | D:1      | Reached XP level 1. HP: 16/16 MP: 3/3
    64 | D:1      | Reached XP level 2. HP: 21/23 MP: 5/5
    68 | D:1      | Learned a level 2 spell: Sticks to Snakes
   454 | D:1      | Reached XP level 3. HP: 28/28 MP: 4/6
   875 | D:1      | Learned a level 3 spell: Spider Form
   876 | D:2      | Noticed Terence
  1023 | D:2      | Found a faded altar of an unknown god.
  1222 | D:2      | Reached XP level 4. HP: 32/36 MP: 7/7
  1499 | D:3      | Found a hazy altar of Hepliaklqana.
  2016 | D:3      | Found a blossoming altar of Fedhas.
  2216 | D:3      | Reached XP level 5. HP: 41/41 MP: 5/9
  2350 | D:4      | Noticed Menkaure
  2690 | D:2      | Found an ancient bone altar of Kikubaaqudgha.
  2694 | D:2      | Found a deep blue altar of Sif Muna.
  2696 | D:2      | Found a radiant altar of Vehumet.
  2709 | D:2      | Identified Vehumet's Reference Book on Combat Magic
  2830 | D:2      | Found a runed door.
  2834 | D:2      | Noticed Crazy Yiuf
  2845 | D:2      | Killed Crazy Yiuf
  2874 | D:2      | Killed Terence
  2969 | D:4      | Killed a two-headed ogre
  2976 | D:4      | Reached XP level 6. HP: 50/50 MP: 8/10
  3013 | D:4      | Mangled by an ogre

Skill      XL: |  1  2  3  4  5  6 |
---------------+-------------------+-----
Transmutations | 3 4 |  4.0
Fighting       | 2 |  2.8
Unarmed Combat | 4 |  4.6
Spellcasting   | 3 |  3.1
Dodging        | |  1.7

Action                   |  1- 3 |  4- 6 || total
-------------------------+-------+-------++-------
Melee: Unarmed           |   130 |   185 ||   315
       Tailslap          |    11 |    13 ||    24
       Punch             |     1 |     2 ||     3
       Kick              |    10 |    11 ||    21
       Headbutt          |     3 |    13 ||    16
 Cast: Beastly Appendage |    24 |    19 ||    43
       Spider Form       |     1 |     6 ||     7
  Use: Scroll            |       |     4 ||     4
 Stab: Sleeping          |       |     2 ||     2
  Eat: Chunk             |     2 |     7 ||     9
Armor: Skin              |    36 |    40 ||    76
Dodge: Dodged            |    89 |   111 ||   200
